Map: Dusty Gorge

Players

GloW - Winner!

  • Race: Terran Terran
  • League: Diamond
  • Spawn Location: 3:00

Adversity - Winner!

  • Race: Terran Terran
  • Spawn Location: 5:00

MAC

  • Race: Terran Terran
  • League: Diamond
  • Spawn Location: 9:00

BerserK

  • Race: Terran Terran
  • League: Diamond
  • Spawn Location: 11:00

BerserK

  • Race: Terran Terran
  • League: Diamond
  • Spawn Location: 11:00

VOD

Have the link to the VOD?

Description

Time

  • Played on: Sept. 1, 2018, 11:51 a.m.
  • Length: 5:39
Show
View Real Time Build Order
Export as new Build Order

GloW Terran - Winner!

Build Orders: Cyclone Opening 

Get SALT Encoding   

  12  0:01  SCV  
  13  0:13  SCV  
  14  0:18  Supply Depot  
  14  0:25  SCV  
  15  0:30  Refinery  
  15  0:40  SCV  
  16  0:47  Barracks  
  16  0:55  Refinery  
  16  0:58  SCV  
  17  1:10  SCV  
  18  1:24  SCV  
  19  1:36  Barracks Reactor  
  19  1:39  Factory  
  19  1:42  Orbital Command  
  19  1:52  Supply Depot  
  19  2:10  SCV  
  20  2:29  Cyclone x2  
  26  2:32  Supply Depot  
  26  2:33  SCV  
  27  3:01  Cyclone  
  27  3:02  Cyclone  
  33  3:08  SCV  
  33  3:11  Supply Depot  
  34  3:33  Cyclone  
  34  3:34  Cyclone  
  37  3:42  SCV  
  35  4:06  Cyclone  
  35  4:17  Cyclone  
  35  4:20  SCV  
  35  4:32  SCV  
  35  4:38  Cyclone  
  39  4:49  Supply Depot  
  39  4:54  Cyclone  
  42  5:02  SCV  
Show
View Real Time Build Order
Export as new Build Order

Adversity Terran - Winner!

Build Orders:  

Get SALT Encoding   

  12  0:01  SCV  
  13  0:13  SCV  
  14  0:18  Supply Depot  
  14  0:25  SCV  
  15  0:30  Refinery  
  15  0:40  SCV  
  16  0:45  Barracks  
  16  0:52  SCV  
  17  1:03  Barracks  
  17  1:19  Barracks  
  17  1:22  SCV  
  18  1:33  Reaper  
  19  1:40  Orbital Command  
  19  1:48  Refinery  
  19  1:52  Reaper  
  20  2:03  Supply Depot  
  20  2:10  Reaper  
  20  2:11  Reaper  
  22  2:18  SCV  
  23  2:26  Reaper  
  24  2:31  Supply Depot  
  24  2:35  SCV  
  25  2:46  Reaper  
  25  2:48  Reaper  
  26  3:04  Reaper  
  26  3:12  Command Center  
  26  3:15  SCV  
  26  3:18  Reaper  
  28  3:27  Reaper  
  27  3:36  Reaper  
  28  3:50  Reaper  
  28  3:51  SCV  
  28  3:54  Supply Depot, Barracks  
  30  3:55  Barracks  
  29  4:17  Reaper  
  30  4:28  Reaper  
  29  4:39  Reaper  
  29  4:43  Orbital Command  
  29  4:44  Command Center  
  30  4:52  Reaper  
  31  4:55  SCV  
  31  4:58  Reaper x2  
  34  5:05  Reaper  
  35  5:07  SCV  
  35  5:12  SCV  
  37  5:19  SCV  
  39  5:24  SCV  
Show
View Real Time Build Order
Export as new Build Order

MAC Terran 

Build Orders: Cyclone Opening 

Get SALT Encoding   

  12  0:01  SCV  
  13  0:13  SCV  
  14  0:18  Supply Depot  
  14  0:25  SCV  
  15  0:40  SCV, Barracks  
  16  0:52  SCV, Refinery  
  16  0:54  Refinery  
  17  1:04  SCV  
  18  1:16  SCV  
  19  1:27  Supply Depot, Marine  
  19  1:28  Orbital Command  
  20  1:41  Factory  
  20  1:47  Marine  
  21  1:54  SCV  
  22  2:06  SCV  
  22  2:08  Marine  
  23  2:14  Barracks  
  24  2:18  SCV  
  25  2:26  Cyclone  
  25  2:28  Supply Depot  
  28  2:30  SCV  
  29  2:42  SCV  
  30  2:58  SCV  
  30  3:03  Barracks Tech Lab  
  30  3:04  Hellion  
  33  3:09  Marine  
  33  3:10  SCV  
  33  3:12  Command Center  
  35  3:17  Supply Depot  
  35  3:23  Barracks  
  35  3:33  Cyclone, Marine  
  35  3:34  Marine  
  35  3:51  SCV, Marine  
  35  3:52  Marine  
  38  4:03  SCV  
  38  4:05  Hellion  
  33  4:20  Marine x2  
  30  4:38  Marine x2  
  20  4:41  Marine  
  5  4:55  Marine  
Show
View Real Time Build Order
Export as new Build Order

BerserK Terran 

Build Orders:  

Get SALT Encoding   

  12  0:01  SCV  
  13  0:13  SCV  
  14  0:18  Supply Depot  
  14  0:25  SCV  
  15  0:30  Refinery  
  15  0:39  SCV  
  16  0:46  Barracks  
  16  0:52  SCV  
  17  1:04  SCV  
  18  1:08  Barracks  
  18  1:16  SCV  
  19  1:26  Barracks  
  19  1:30  SCV  
  20  1:34  Reaper  
  21  1:45  Supply Depot, SCV  
  22  1:55  Reaper  
  23  2:02  Orbital Command  
  23  2:08  Refinery  
  23  2:10  Reaper  
  23  2:14  Reaper  
  25  2:29  Reaper  
  26  2:30  SCV  
  26  2:32  Supply Depot  
  27  2:42  Reaper  
  26  2:55  Reaper  
  27  3:05  Reaper  
  28  3:10  Command Center  
  28  3:14  Reaper  
  28  3:16  SCV  
  30  3:21  Engineering Bay  
  26  3:36  Reaper  
  26  3:39  Reaper  
  27  3:49  Reaper  
  28  3:57  SCV  
  29  4:03  Barracks  
  29  4:08  Barracks  
  27  4:25  Reaper  
  27  4:29  Reaper  
  27  4:30  Reaper  
  29  4:42  Orbital Command  
  29  4:43  Barracks  
  29  4:54  Reaper  
  29  4:57  Reaper  
  29  4:58  Reaper  
  32  5:01  Bunker  
  32  5:13  SCV x2  
Show
View Real Time Build Order
Export as new Build Order

BerserK Terran 

Build Orders:  

Get SALT Encoding   

  12  0:01  SCV  
  13  0:13  SCV  
  14  0:18  Supply Depot  
  14  0:25  SCV  
  15  0:30  Refinery  
  15  0:39  SCV  
  16  0:46  Barracks  
  16  0:52  SCV  
  17  1:04  SCV  
  18  1:08  Barracks  
  18  1:16  SCV  
  19  1:26  Barracks  
  19  1:30  SCV  
  20  1:34  Reaper  
  21  1:45  Supply Depot, SCV  
  22  1:55  Reaper  
  23  2:02  Orbital Command  
  23  2:08  Refinery  
  23  2:10  Reaper  
  23  2:14  Reaper  
  25  2:29  Reaper  
  26  2:30  SCV  
  26  2:32  Supply Depot  
  27  2:42  Reaper  
  26  2:55  Reaper  
  27  3:05  Reaper  
  28  3:10  Command Center  
  28  3:14  Reaper  
  28  3:16  SCV  
  30  3:21  Engineering Bay  
  26  3:36  Reaper  
  26  3:39  Reaper  
  27  3:49  Reaper  
  28  3:57  SCV  
  29  4:03  Barracks  
  29  4:08  Barracks  
  27  4:25  Reaper  
  27  4:29  Reaper  
  27  4:30  Reaper  
  29  4:42  Orbital Command  
  29  4:43  Barracks  
  29  4:54  Reaper  
  29  4:57  Reaper  
  29  4:58  Reaper  
  32  5:01  Bunker  
  32  5:13  SCV x2  
Tags
 
Add a new tag
Caveats
  • Supply blocks, unpowered buildings, or Contaminate may cause inaccurate times.
  • Supply counts are checked every 10 seconds.